 Dungeon Crawl Stone Soup version 0.26-a0-812-g31a745ddcd (webtiles) character file.

Game seed: 8244822936598485902

3084 CypherZel the Transmogrifier (level 9, -6/61 HPs)
             Began as an Octopode Transmuter on Nov 17, 2020.
             Was a Believer of Cheibriados.
             Mangled by a warg (18 damage)
             ... on level 9 of the Dungeon.
             The game lasted 01:00:02 (17848 turns).

CypherZel the Transmogrifier (Octopode Transmuter) Turns: 17848, Time: 01:00:02

Health: -6/61      AC:  1    Str: 19    XL:     9   Next: 89%
Magic:  11/21      EV: 14    Int: 22    God:    Cheibriados [**....]
Gold:   565        SH:  0    Dex: 23    Spells: 9/24 levels left

rFire    . . .     SeeInvis +     - Unarmed
rCold    . . .     Faith    .   (shield currently unavailable)
rNeg     . . .     Spirit   .   (helmet restricted)
rPois    .         Reflect  .   (no amulet)
rElec    .         Harm     .   d - +6 ring of dexterity
rCorr    +         Rampage  .   j - ring of resist corrosion
MR       +....                  n - ring of protection from magic
Stlth    ++++......             o - ring of stealth
HPRegen  0.20/turn              x - +6 ring of strength
MPRegen  0.17/turn              (no ring)
                                (no ring)
                                (no ring)

@: blade tentacles, wereblooded, very slow
A: almost no armour, stealthy swim, amphibious, 8 rings, constrict 8, antennae
1, camouflage 1, see invisible, gelatinous body 1
a: End Transformation, Bend Time, Renounce Religion


You were on level 9 of the Dungeon.
You worshipped Cheibriados.
Cheibriados was pleased with you.
You had blades for tentacles.
You visited 2 branches of the dungeon, and saw 11 of its levels.

You collected 565 gold pieces.

Inventory:

Missiles
 a - 22 poisoned darts (quivered)
 e - 165 stones
Armour
 i - a +1 buckler
Magical Staves
 p - an uncursed staff of poison
 u - an uncursed staff of conjuration
 y - an uncursed staff of cold {unknown}
Jewellery
 c - an uncursed ring of attention
 d - a +6 ring of dexterity (left scythe-like blade)
 j - a ring of resist corrosion (right scythe-like blade)
 n - a ring of protection from magic (on tentacle)
 o - a ring of stealth (on tentacle)
 t - an uncursed ring of see invisible
 x - a +6 ring of strength (on tentacle)
 C - an uncursed ring of ice {unknown}
 D - an uncursed ring of wizardry {unknown}
Wands
 k - a wand of flame (19)
 m - a wand of iceblast (8)
 s - a wand of acid (6)
 v - a wand of disintegration (16)
 z - a wand of digging (6)
Scrolls
 f - a scroll of amnesia
 q - a scroll of enchant armour
 r - 3 scrolls of enchant weapon
 A - a scroll of teleportation
Potions
 b - 2 potions of cancellation
 g - 4 potions of degeneration
 h - 9 potions of curing
 w - a potion of lignification
 B - a potion of berserk rage


   Skills:
 - Level 5.0 Fighting
 - Level 2.0 Dodging
 - Level 4.9 Unarmed Combat
 + Level 8.0 Spellcasting
 + Level 8.6 Transmutations


You had 9 spell levels left.
You knew the following spells:

 Your Spells              Type           Power        Failure   Level
a - Beastly Appendage     Tmut           #####.       9%          1
b - Wereblood             Tmut           #####...     10%         2
c - Spider Form           Tmut/Pois      ####......   28%         3
d - Blade Hands           Tmut           #####.....   36%         5
e - Ice Form              Ice/Tmut       ####....     50%         4

Your spell library contained the following spells:

 Spells                   Type           Power        Failure   Level


Dungeon Overview and Level Annotations

Branches:
Dungeon (10/15)            Temple (1/1) D:7             Orc (0/2) D:9
   Lair: D:8-11

Altars:
Ashenzari
Cheibriados
Dithmenos
Elyvilon
Fedhas
Gozag
Hepliaklqana
Kikubaaqudgha
Makhleb
Nemelex Xobeh
Okawaru
Qazlal
Ru
Sif Muna
Trog
Uskayaw
Vehumet
Wu Jian
Xom
Yredelemnul
Zin
The Shining One

Shops:
D:7 (

Annotations:
D:2 exclusion: downstairs
D:7 1 runed translucent door, exclusions: slime creature, unseen horror, 2 wights and 11 more exclusions, p0werm0de's ghost, novice DDFi


Innate Abilities, Weirdness & Mutations

You cannot wear most types of armour.
You are very stealthy in the water. (Stealth+)
You are amphibious.
You can wear up to eight rings at the same time.
You can use your tentacles to constrict eight enemies at once.
Your skin changes colour to match your surroundings (Stealth+).
Your rubbery body absorbs attacks. (AC +1, EV +1)
You have a pair of small antennae on your head.
You have supernaturally acute eyesight. (SInv)


Message History

An orc comes into view. It is wielding a +0 whip.
The wyvern bites you!
An orc comes into view. It is wielding a +0 trident.
The wyvern barely misses you.
There is a stone staircase leading up here.
The wyvern bites you!!
* * * LOW HITPOINT WARNING * * *
The warg bites you.
* * * LOW HITPOINT WARNING * * *
The wyvern barely misses you.
You climb upwards.
There is a stone staircase leading down here.
Okay, then.
Okay, then.
Okay, then.
The flow of time bends around you.
The wyvern resists with some effort.
The warg resists with some effort.
Cheibriados lowers the support of your attributes as your movement quickens.
The warg bites you!!
You die...

##.#..##.##...##.###..#
.#..#.##.###.###[###..#
###...##.# #.........)#
.#...###.#######.####)#
##..........####.## #.#
####.###..........# #.#
.# #.# ####.####..# #.#
## #.# #.####.h###.# #
#.# ####.....@l....# ##
#.# #..........###.# .#
#.# #.#######.## #.#
.###.###.#######.# #.#
##...(...<....##.# #.#
####.###.####.##.####.#
.#...........)........#
##.#####.######.#.###.#
#.# #.####...#.....#


You could see a warg and a wyvern.

Vanquished Creatures
  Pikel (D:7)
  A sky beast (D:2)
  A black bear (D:9)
  A phantom (D:9)
  5 ogres
  3 centaurs
  A lemure (D:6)
  A big kobold (D:9)
  A gnoll sergeant (D:9)
  2 bullfrogs
  4 scorpions (D:4)
  5 wights (D:9)
  3 centaur zombies
  2 quasits (D:8)
  2 hounds (D:5)
  4 orc priests
  4 orc wizards
  A bullfrog skeleton (D:9)
  2 centaur skeletons (D:5)
  Jessica (D:3)
  Ijyb (D:3)
  An iguana (D:5)
  2 worker ants
  A hound skeleton (D:7)
  A worker ant zombie (D:8)
  4 gnolls (D:9)
  9 adders
  2 shadow imps
  2 white imps
  2 ufetubi
  An adder skeleton (D:5)
  3 worms (D:2)
  3 dart slugs
  5 leopard geckos
  39 orcs
  13 bats
  4 giant cockroaches
  8 hobgoblins
  13 jackals
  18 kobolds
  6 quokkas
  2 ball pythons
  7 frilled lizards
  9 goblins
  A leopard gecko skeleton (D:6)
  7 rats
209 creatures vanquished.

Vanquished Creatures (others)
  6 plants
6 creatures vanquished.

Grand Total: 215 creatures vanquished

Notes
Turn   | Place    | Note
-------+----------+-------------------------------------------
     0 | D:1      | CypherZel the Octopode Transmuter began the quest for the
                  | Orb.
     0 | D:1      | Reached XP level 1. HP: 13/13 MP: 3/3
   241 | D:1      | Reached XP level 2. HP: 19/19 MP: 3/5
  1193 | D:2      | Reached XP level 3. HP: 25/25 MP: 4/6
  1477 | D:2      | Noticed a sky beast
  2426 | D:2      | Reached XP level 4. HP: 29/31 MP: 5/7
  2626 | D:2      | Learned a level 2 spell: Wereblood
  2630 | D:2      | Learned a level 3 spell: Spider Form
  3315 | D:3      | Noticed Jessica
  3816 | D:3      | Noticed Ijyb
  3833 | D:3      | Killed Ijyb
  4086 | D:3      | Reached XP level 5. HP: 28/36 MP: 7/9
  5306 | D:3      | Killed Jessica
  6243 | D:4      | Reached XP level 6. HP: 32/42 MP: 9/11
  7836 | D:4      | Reached XP level 7. HP: 48/48 MP: 10/12
  7984 | D:5      | Entered Level 5 of the Dungeon
  9405 | D:5      | Found a shimmering altar of Xom.
 10163 | D:6      | Found an iron altar of Okawaru.
 10188 | D:6      | Reached XP level 8. HP: 34/54 MP: 12/14
 10691 | D:6      | Found a radiant altar of Vehumet.
 11274 | D:7      | Noticed Pikel
 11453 | D:7      | Found Umyqo's Weapon Boutique.
 11514 | D:7      | Found a staircase to the Ecumenical Temple.
 11523 | Temple   | Entered the Ecumenical Temple
 11542 | Temple   | Became a worshipper of Cheibriados the Contemplative
 11560 | D:7      | Reached skill level 5 in Fighting
 11560 | D:7      | Reached skill level 5 in Transmutations
 11678 | D:7      | Found an ornate altar of the Wu Jian Council.
 11683 | D:7      | Found an ancient bone altar of Kikubaaqudgha.
 11694 | D:7      | Found a runed translucent door.
 11697 | D:7      | Noticed p0werm0de's ghost (novice DDFi)
 11711 | D:7      | Gained mutation: You tend to lose your temper in combat.
                  | [potion of mutation]
 11711 | D:7      | Gained mutation: Your mind is acute. (Int +2) [potion of
                  | mutation]
 11712 | D:7      | Lost mutation: You tend to lose your temper in combat.
                  | [potion of mutation]
 11712 | D:7      | Lost mutation: Your mind is acute. (Int +2) [potion of
                  | mutation]
 11712 | D:7      | Gained mutation: You have supernaturally acute eyesight.
                  | (SInv) [potion of mutation]
 11712 | D:7      | Gained mutation: You have a pair of small antennae on your
                  | head. [potion of mutation]
 12147 | D:7      | Found a sparkling altar of Nemelex Xobeh.
 12153 | D:7      | Killed Pikel
 12153 | D:7      | Reached skill level 5 in Spellcasting
 12158 | D:7      | Found an opulent altar of Gozag.
 12596 | D:7      | Noticed a slime creature
 12596 | D:7      | Noticed an unseen horror
 13426 | D:8      | Reached XP level 9. HP: 59/61 MP: 18/18
 14201 | D:8      | Learned a level 5 spell: Blade Hands
 14206 | D:8      | Learned a level 4 spell: Ice Form
 15095 | D:8      | Identified a scroll of acquirement
 15095 | D:8      | Acquired a +6 ring of strength
 15167 | D:9      | Found a stormy altar of Qazlal.
 15572 | D:9      | Reached * piety under Cheibriados
 16268 | D:9      | Found a shimmering blue altar of Sif Muna.
 16636 | D:9      | Reached ** piety under Cheibriados
 16785 | D:9      | Found a staircase to the Orcish Mines.
 17734 | D:10     | Entered Level 10 of the Dungeon
 17848 | D:9      | Mangled by a warg

Illustrated notes

Levels and vault maps discovered:
D:1:      roderic_octagonal_star, layout_basic, minmay_misc_feat_columns,
          st_stairs_7
D:2:      layout_basic, dk_noncrumbling_4
D:3:      corexii_shack_village, layout_loops_ring, dk_noncrumbling_3,
          uniq_ijyb, uniq_jessica
D:4:      layout_basic
D:5:      layout_basic, minmay_misc_feat_pillars, grunt_decor_mini_mirrors,
          lemuel_tele_altar
D:6:      layout_gridville, vehumet_crystals, nicolae_overflow_hidden_temple
D:7:      layout_loops_ring, grunt_temple_overflow_opulence, minitemple,
          minmay_temple_entry_overgrown, serial_shops, shop,
          hellmonk_ghost_happy_afterlife, nicolae_zen_rock_garden,
          minmay_the_grid_2x2 [minmay_the_grid_large_cup,
          minmay_the_grid_stretched_grid, minmay_the_grid_pillar_ring,
          minmay_the_grid_prize_big_room], uniq_pikel
D:8:      layout_cave_pools, nicolae_sextant
D:9:      layout_loops_ring, nicolae_overflow_crystal_walls, erik_orc_3,
          basic_altar
D:10:     layout_roguey, erik_lair_orcish_takeover, enter_bailey_6
Temple:   minmay_freezing_vapour_temple

Skill      XL: |  1  2  3  4  5  6  7  8  9 |
---------------+----------------------------+-----
Fighting       | 2 3 4 5 |  5.0
Spellcasting   | 3 4 6 8 |  8.0
Transmutations | 3 4 6 8 |  8.6
Unarmed Combat | 4 |  4.9
Dodging        | |  2.0

Action                   |  1- 3 |  4- 6 |  7- 9 || total
-------------------------+-------+-------+-------++-------
Melee: Unarmed           |    87 |   147 |   287 ||   521
       Constrict         |    24 |    53 |    22 ||    99
       Kick              |    17 |    34 |    41 ||    92
       Tentacles         |    12 |    23 |    31 ||    66
       Punch             |     1 |     4 |     5 ||    10
Throw: Stone             |    21 |     9 |       ||    30
       Dart              |       |    41 |   123 ||   164
 Cast: Beastly Appendage |    29 |    47 |    30 ||   106
       Spider Form       |       |       |    25 ||    25
       Blade Hands       |       |       |     3 ||     3
       Wereblood         |       |       |     2 ||     2
Invok: Bend Time         |       |       |     1 ||     1
Evoke: Wand              |       |       |     3 ||     3
  Use: Scroll            |     5 |     9 |     8 ||    22
       Potion            |       |     2 |     9 ||    11
 Stab: Sleeping          |       |       |     3 ||     3
       Distracted        |       |       |     1 ||     1
Armor: Skin              |     9 |    13 |    12 ||    34
Dodge: Dodged            |    51 |    87 |   197 ||   335

Table legend: (Time is in decaauts)
 A = Elapsed time spent in this place.
 B = Non-inter-level travel time spent in this place.
 C = Inter-level travel time spent in this place.
 D = Time resting spent in this place.
 E = Time spent auto-exploring this place.
 F = Levels seen in this place.
 G = Mean time per level.
                   A        B        C        D        E       F      G
               +--------+--------+--------+--------+--------+-----+--------+
         Total |  18778 |  17196 |   1582 |   6452 |   7776 |  11 | 1707.1 |
       Dungeon |  18749 |  17167 |   1582 |   6452 |   7776 |  10 | 1874.9 |
        Temple |     28 |     28 |      0 |      0 |      0 |   1 |   28.0 |
               +--------+--------+--------+--------+--------+-----+--------+

Top non-repeatable levels by time:
     D:2: 3046 daAuts
     D:9: 3024 daAuts
     D:3: 2901 daAuts
     D:7: 2120 daAuts
     D:5: 1907 daAuts
     D:4: 1693 daAuts
     D:6: 1547 daAuts
     D:8: 1468 daAuts
     D:1: 1026 daAuts
  Temple: 28 daAuts
    D:10: 12 daAuts
